 Dungeon Crawl Stone Soup version 0.21.1-1-g345015f (webtiles) character file.

177 lotte the Magician (level 5, -7/28 HPs)
             Began as a Deep Elf Wizard on June 30, 2018.
             Was an Initiate of Vehumet.
             Killed by divine providence
             ... invoked by an orc priest
              (14 damage)
             ... on level 4 of the Dungeon.
             The game lasted 00:32:23 (4798 turns).

lotte the Magician (Deep Elf Wizard)                Turns: 4798, Time: 00:32:23

Health: -7/28      AC:  3    Str:  4    XL:     5   Next: 31%
Magic:  10/16      EV: 13    Int: 24    God:    Vehumet [......]
Gold:   215        SH:  0    Dex: 13    Spells: 10/18 levels left

rFire    . . .     SeeInvis .   v - +2 halberd (protect)
rCold    . . .     Gourm    .   (shield currently unavailable)
rNeg     . . .     Faith    .   a - +0 robe
rPois    .         Spirit   .   b - +0 hat
rElec    .         Reflect  .   (no cloak)
rCorr    .         Harm     .   u - +0 pair of gloves
MR       .....                  (no boots)
Stlth    ++........             (no amulet)
HPRegen  0.09/turn              (no ring)
MPRegen  0.15/turn              (no ring)

@: no status effects
A: no striking features
a: Renounce Religion


You were on level 4 of the Dungeon.
You worshipped Vehumet.
Vehumet was noncommittal.
You were not hungry.

You visited 1 branch of the dungeon, and saw 4 of its levels.

You collected 215 gold pieces.

Inventory:

Hand Weapons
 e - a +0 dagger
 f - a +0 spear
 o - a +0 short sword of venom
 r - a +1 short sword of venom
 v - a +2 halberd of protection (weapon)
Armour
 a - a +0 robe (worn)
 b - a +0 hat (worn)
 u - a +0 pair of gloves (worn)
Scrolls
 i - 2 scrolls of fog {unknown}
 n - 3 scrolls of teleportation {unknown}
 p - a scroll of blinking {unknown}
 q - 3 scrolls of identify {unknown}
 s - a scroll of enchant armour {unknown}
Potions
 g - a potion of degeneration {unknown}
 h - 2 potions of might {unknown}
 j - a potion of lignification {unknown}
 k - a potion of curing {unknown}
 l - a potion of agility {unknown}
 m - a potion of mutation {unknown}
 t - a potion of brilliance {unknown}
Books
 c - a book of Minor Magic

   Spells                             Type                      Level
   a - Magic Dart                     Conjuration                  1
   b - Blink                          Translocation                2
   c - Call Imp                       Summoning                    2
   d - Slow                           Hexes                        2
   e - Conjure Flame                  Conjuration/Fire             3
   f - Mephitic Cloud                 Conjuration/Poison/Air       3
Comestibles
 d - 6 rations


   Skills:
 - Level 2.4 Dodging
 - Level 2.4 Stealth
 + Level 7.1 Spellcasting
 * Level 3.4 Conjurations
 - Level 1.1 Summonings
   Level 1.1 Translocations


You had 10 spell levels left.
You knew the following spells:

 Your Spells              Type           Power        Failure   Level  Hunger
a - Magic Dart            Conj           ####         1%          1    None
b - Call Imp              Summ           ##......     7%          2    None
c - Slow                  Hex            #.......     11%         2    None
d - Conjure Flame         Conj/Fire      ###.....     11%         3    None


Dungeon Overview and Level Annotations

Branches:
Dungeon (4/15)
 Temple: D:4-7

Altars:
Cheibriados
Gozag
Vehumet
Xom


Message History

Casting: Call Imp
Confirm with . or Enter, or press ? or * to list all spells.
A beastly little devil appears in a puff of flame.
The orc priest invokes the aid of Beogh against you.
Beogh smites you!
The orc priest invokes the aid of Beogh against you.
Pain shoots through your body!
The orc priest invokes the aid of Beogh against you.
Pain shoots through your body!
* * * LOW HITPOINT WARNING * * *
You swap places.
The orc priest looks encouraged for a moment.
Your crimson imp blinks!
The orc priest invokes the aid of Beogh against you.
You struggle to resist.
Your crimson imp blinks!
The orc priest mumbles some strange prayers to Beogh against you.
Beogh smites you!
Ouch! That really hurt!
You die...

#%...# ...... # #
#..#.# #. #. #.##.#
...##.##o##.#
........o##.#
....#.#.5##.#
##...5..ยง.[##
#...#.@.#..)#
#..###.###..##
#...#...#.....
#....._.....###
#...#...#...###
#..###.###....
#...#...#..###
#..........#######.#
#.#####........<...#


You could see an orc priest, an orc wizard and 2 friendly crimson imps.

Vanquished Creatures
  A centaur zombie (D:3)
  A gnoll (D:2)
  2 adders
  An ooze (D:3)
  A dart slug (D:1)
  A leopard gecko (D:2)
  3 orcs (D:3)
  6 bats
  4 giant cockroaches
  5 goblins
  7 hobgoblins
  6 kobolds
  2 ball pythons
  2 frilled lizards (D:1)
  3 rats
45 creatures vanquished.

Vanquished Creatures (collateral kills)
  A worker ant (D:3)
  3 gnolls (D:2)
  2 adders
  An ooze (D:2)
  A worm (D:2)
  2 dart slugs
  2 leopard geckos
  An orc (D:3)
  3 giant cockroaches (D:2)
  2 goblins (D:1)
  3 hobgoblins
21 creatures vanquished.

Grand Total: 66 creatures vanquished

Notes
Turn   | Place    | Note
-------+----------+-------------------------------------------
     0 | D:1      | lotte the Deep Elf Wizard began the quest for the Orb.
     0 | D:1      | Reached XP level 1. HP: 10/10 MP: 7/7
   316 | D:1      | Reached skill level 5 in Spellcasting
   316 | D:1      | Reached XP level 2. HP: 8/15 MP: 2/10
   322 | D:1      | Learned a level 2 spell: Call Imp
   897 | D:1      | Learned a level 2 spell: Slow
  1281 | D:2      | Reached XP level 3. HP: 19/19 MP: 9/11
  1860 | D:1      | Learned a level 3 spell: Conjure Flame
  2337 | D:2      | Reached skill level 6 in Spellcasting
  2708 | D:2      | Reached XP level 4. HP: 16/24 MP: 2/14
  3897 | D:3      | Reached XP level 5. HP: 25/28 MP: 4/16
  3989 | D:3      | Found a faded altar of an unknown god.
  4009 | D:3      | Became a worshipper of Gozag Ym Sagoz the Greedy
  4066 | D:3      | Reached skill level 7 in Spellcasting
  4596 | D:3      | Found a shimmering altar of Xom.
  4679 | D:4      | Found a snail-covered altar of Cheibriados.
  4746 | D:4      | Found a radiant altar of Vehumet.
  4755 | D:4      | Fell from the grace of Gozag
  4755 | D:4      | Became a worshipper of Vehumet
  4798 | D:4      | Killed from afar by an orc priest

Skill      XL: |  1  2  3  4  5 |
---------------+----------------+-----
Spellcasting   | 5 6 7 |  7.1
Conjurations   | 2 3 |  3.4
Dodging        | |  2.4
Stealth        | |  2.4
Summonings     | |  1.1
Translocations | |  1.1

Action                   |  1- 3 |  4- 6 || total
-------------------------+-------+-------++-------
Melee: Dagger            |     4 |       ||     4
       Spear             |     2 |       ||     2
       Short sword       |     1 |       ||     1
       Halberd           |       |     2 ||     2
 Cast: Magic Dart        |    74 |    62 ||   136
       Call Imp          |    39 |    16 ||    55
       Conjure Flame     |     2 |     1 ||     3
 Stab: Distracted        |     1 |       ||     1
  Eat: Chunk             |     5 |     4 ||     9
       Ration            |       |     1 ||     1
Armor: Robe              |     4 |     2 ||     6
Dodge: Dodged            |    31 |    10 ||    41
